 Dungeon Crawl Stone Soup version 0.29.1-1-gd02db6906a (webtiles) character file.

Game seed: 16694292342506864170

148 Tirrikindir the Trooper (level 5, 0/36 HPs)
             Began as an Octopode Fighter on Oct 21, 2022.
             Was a Believer of Ru.
             Slain by an orc priest
             ... wielding a +0 mace
              (1 damage)
             ... on level 3 of the Dungeon.
             The game lasted 00:04:05 (2373 turns).

Tirrikindir the Trooper (Octopode Fighter)          Turns: 2373, Time: 00:04:05

Health: 0/36       AC:  1    Str: 15    XL:     5   Next: 30%
Magic:  5/5        EV: 13    Int: 10    God:    Ru [**....]
Gold:   125        SH:  5    Dex: 14    Spells: 4/4 levels left

rFire   x . .      SeeInvis .   a - +0 long sword
rCold   x . .      Faith    .   b - +0 buckler
rNeg    . . .      Spirit   .   (helmet restricted)
rPois   .          Reflect  .   (no amulet)
rElec   .          Harm     .   f - ring of resist corrosion
rCorr   +          Rampage  .   (no ring)
Will    .....                   (no ring)
Stlth   +++.......              (no ring)
HPRegen 0.12/turn               (no ring)
MPRegen 0.09/turn               (no ring)
                                (no ring)
                                (no ring)

@: no status effects
A: almost no armour, amphibious, 8 rings, camouflage 1, gelatinous body 1,
temperature sensitive, (nimble swimmer 1), tentacles
a: Renounce Religion


You were on level 3 of the Dungeon.
You worshipped Ru.
Ru was pleased with you.
You visited 1 branch of the dungeon, and saw 3 of its levels.

You collected 125 gold pieces.

Inventory:

Hand Weapons
 a - a +0 long sword (weapon)
Armour
 b - a +0 buckler (worn)
Jewellery
 f - a ring of resist corrosion (left tentacle)
Potions
 c - a potion of might
 d - a potion of resistance
 e - a potion of brilliance {unknown}
 g - a potion of flight
 h - a potion of curing {unknown}
 i - a potion of lignification
 j - a potion of heal wounds {unknown}


   Skills:
 + Level 3.6 Fighting
 * Level 3.4 Long Blades
 + Level 3.6 Dodging
 + Level 2.3 Stealth
 + Level 3.6 Shields


You had 4 spell levels left.
You didn't know any spells.
Your spell library was empty.

Dungeon Overview and Level Annotations

Branches:
Dungeon (3/15)

Altars:
Ru
The Shining One


Innate Abilities, Weirdness & Mutations

You cannot wear most types of armour.
You are amphibious.
You can wear up to eight rings at the same time.
Your skin changes colour to match your surroundings (Stealth+).
Your rubbery body absorbs attacks. (AC +1, EV +1)
You are sensitive to extremes of temperature. (rF-, rC-)
((You are camouflaged when in or above water. (Stealth+)))
You have tentacles for arms and can constrict up to eight enemies at once.


Message History

The orc hits you with a +0 dagger.
You hit the orc but do no damage. You grab the orc.
The orc is almost dead.
You constrict the orc, but do no damage.
The orc priest calls upon Beogh to heal the orc.
The orc is healed somewhat.
The orc hits you with a +0 dagger.
You redirect the orc's attack!
The orc misses the orc priest.
You slash the orc!
You kill the orc!
You closely miss the orc priest. You grab the orc priest.
You constrict the orc priest.
The orc priest hits you but does no damage.
The orc priest calls upon Beogh to heal the orc priest.
The orc priest's wounds heal themselves!
You slash the orc priest! Your squeeze misses the orc priest.
The orc priest is heavily wounded.
You constrict the orc priest.
The orc priest is stunned by your conviction and fails to attack.
The orc priest hits you with a +0 short sword.
You hit the orc priest but do no damage.
The orc priest is severely wounded.
You constrict the orc priest.
The orc priest miscasts a cantrip.
You slash the orc priest!
You kill the orc priest!
You barely miss the orc priest. You grab the orc priest.
You constrict the orc priest. You block the orc priest's attack.
You hit the orc priest.
The orc priest is moderately wounded.
You constrict the orc priest. The orc priest hits you with a +0 mace.
You hit the orc priest but do no damage.
You squeeze the orc priest, but do no damage.
The orc priest is heavily wounded.
You constrict the orc priest.
The orc priest invokes the aid of Beogh against you.
Pain shoots through your body!
* * * LOW HITPOINT WARNING * * *
The orc priest hits you with a +0 mace.
You die...

.......# #.#
.......## #.#
........####.####
#..†..#..$.##
#.###..<....## #
#.# ##.......# ...
#.# #..(....#
#...#.####.......#
#.....@o......##
###.####)......#
#.# #..?....# #.#
#.......# #.#
#......## #.#
......## ...
....$..# ##
#####..# .#...#..#


You could see an orc priest.

Vanquished Creatures
  2 orc priests (D:3)
  4 adders
  3 worms (D:2)
  2 dart slugs
  2 orcs (D:3)
  3 ball pythons
  2 endoplasms (D:1)
  2 giant cockroaches (D:1)
  4 goblins
  4 jackals (D:2)
  A quokka (D:2)
  2 bats (D:2)
  2 frilled lizards
  3 kobolds
  4 rats
40 creatures vanquished.

Vanquished Creatures (others)
  9 fungi (D:1)
  5 plants (D:1)
14 creatures vanquished.

Grand Total: 54 creatures vanquished

Notes
Turn   | Place    | Note
-------+----------+-------------------------------------------
     0 | D:1      | Tirrikindir the Octopode Fighter began the quest for the
                  | Orb.
     0 | D:1      | Reached XP level 1. HP: 16/16 MP: 1/1
    27 | D:1      | Found a faded altar of an unknown god.
    53 | D:1      | Prayed at the altar of an unknown god.
    53 | D:1      | Became a worshipper of Ru the Awakened
    57 | D:1      | Gained mutation: You are sensitive to extremes of
                  | temperature. (rF-, rC-) [Ru sacrifice]
    57 | D:1      | Reached * piety under Ru
    57 | D:1      | Reached ** piety under Ru
   547 | D:1      | Reached XP level 2. HP: 21/21 MP: 2/2
  1270 | D:2      | Reached skill level 1 in Stealth
  1504 | D:2      | Reached XP level 3. HP: 12/26 MP: 3/3
  1993 | D:2      | Reached XP level 4. HP: 30/31 MP: 4/4
  2112 | D:2      | Found a glowing golden altar of the Shining One.
  2363 | D:3      | Reached XP level 5. HP: 23/36 MP: 5/5
  2373 | D:3      | HP: 1/36 [orc priest/nerve-wracking pain (13)]
  2373 | D:3      | Slain by an orc priest

Illustrated notes

Levels and vault maps discovered:
D:1:      amcnicky_arrival_choice, layout_basic,
          shapermc_ecumenical_altar_mp_urbaneastern
D:2:      layout_rooms, basic_altar
D:3:      layout_rooms, grunt_temple_overflow_order_and_chaos_1, fedhas_altar_1,
          nemelex_diamond_rough_becter, mainiacjoe_overflow_surrounded_room

Skill      XL: |  1  2  3  4 |
---------------+-------------+-----
Stealth        | 1 2 |  2.3
Long Blades    | 3 |  3.4
Fighting       | |  3.6
Dodging        | |  3.6
Shields        | |  3.6

Action                   |  1- 3 |  4- 6 || total
-------------------------+-------+-------++-------
Melee: Long sword        |    62 |    25 ||    87
       Constrict         |    25 |    10 ||    35
       Tentacles         |    10 |     4 ||    14
       Punch             |     2 |       ||     2
Invok: Sacrifice Resista |     1 |       ||     1
  Use: Scroll            |     3 |       ||     3
       Potion            |     2 |     1 ||     3
 Stab: Sleeping          |     8 |     2 ||    10
Armor: Skin              |     4 |     1 ||     5
Dodge: Dodged            |    26 |     7 ||    33
Block: Buckler           |    14 |     5 ||    19
